 Dungeon Crawl Stone Soup version 0.23-a0-703-gdf2d5e0dd9 (webtiles) character file.

838 Hercules1031 the Protected (level 7, -1/53 HPs)
             Began as a Gnoll Wanderer on Jan 13, 2019.
             Was a Follower of Okawaru.
             Killed by nerve-wracking pain
             ... invoked by a shadow imp
              (13 damage)
             ... on level 5 of the Dungeon.
             The game lasted 00:11:41 (3717 turns).

Hercules1031 the Protected (Gnoll Wanderer)         Turns: 3717, Time: 00:11:42

Health: -1/53      AC: 12    Str: 16    XL:     7   Next: 99%
Magic:  15/15      EV:  8    Int: 16    God:    Okawaru [*.....]
Gold:   110        SH:  0    Dex: 13    Spells: 17/17 levels left

rFire    + . .     SeeInvis .   t - +4 mace
rCold    + . .     Gourm    .   (no shield)
rNeg     . . .     Faith    .   c - +1 chain mail {rF+}
rPois    .         Spirit   .   (no helmet)
rElec    .         Reflect  .   (no cloak)
rCorr    .         Harm     .   (no gloves)
MR       .....                  (no boots)
Stlth    ..........             (no amulet)
HPRegen  0.17/turn              s - ring of protection from cold
MPRegen  0.14/turn              (no ring)

@: no status effects
A: distributed training, fangs 1, strong nose
a: Heroism, Renounce Religion


You were on level 5 of the Dungeon.
You worshipped Okawaru.
Okawaru was aware of your devotion.
You were not hungry.

You visited 2 branches of the dungeon, and saw 6 of its levels.

You collected 110 gold pieces.

Inventory:

Hand Weapons
 b - a +0 spear
 e - a +0 short sword
 t - a +4 mace (weapon)
 u - a cursed +0 dagger
Armour
 a - a +2 scale mail
 c - a +1 chain mail of fire resistance (worn)
Jewellery
 s - a ring of protection from cold (left hand)
 x - a cursed -3 ring of evasion {unknown}
Wands
 v - a wand of scattershot (7)
Scrolls
 i - 3 scrolls of identify
 k - a scroll of teleportation
 m - a scroll of blinking
 o - 2 scrolls of fear
 p - a scroll of remove curse {unknown}
 w - a scroll of immolation {unknown}
 y - a scroll of noise {unknown}
Potions
 f - a potion of magic {unknown}
 g - a potion of agility
 h - 2 potions of lignification
 j - a potion of flight
 l - a potion of cancellation {unknown}
 n - a potion of ambrosia {unknown}
 q - a potion of curing
 r - a potion of degeneration {unknown}
Comestibles
 d - 8 rations


   Skills:
 + Level 3.8 Fighting
 + Level 2.7 Short Blades
 + Level 2.7 Long Blades
 + Level 2.7 Axes
 + Level 2.7 Maces & Flails
 + Level 2.7 Polearms
 + Level 2.7 Staves
 + Level 2.7 Slings
 + Level 2.7 Bows
 + Level 2.7 Crossbows
 + Level 3.8 Throwing
 + Level 9.0 Armour
 + Level 2.7 Dodging
 + Level 2.7 Stealth
 + Level 3.8 Shields
 + Level 2.7 Unarmed Combat
 + Level 5.7 Spellcasting
 + Level 2.2 Conjurations
 + Level 2.2 Hexes
 + Level 2.2 Charms
 + Level 2.2 Summonings
 + Level 2.2 Necromancy
 + Level 2.2 Translocations
 + Level 2.2 Transmutations
 + Level 2.2 Fire Magic
 + Level 2.2 Ice Magic
 + Level 3.1 Air Magic
 + Level 2.2 Earth Magic
 + Level 2.2 Poison Magic
 + Level 3.0 Invocations
 + Level 2.7 Evocations


You had 17 spell levels left.
You didn't know any spells.
Your spell library contained the following spells:

 Spells                   Type           Power        Failure   Level  Hunger
 Swiftness                Chrm/Air       ##......     63%         2    #......
 Shroud of Golubria       Chrm/Tloc      ##........   67%         2    #......


Dungeon Overview and Level Annotations

Branches:
Dungeon (5/15)             Temple (1/1) D:4

Altars:
Ashenzari
Cheibriados
Dithmenos
Elyvilon
Fedhas
Gozag
Hepliaklqana
Kikubaaqudgha
Okawaru
Qazlal
Ru
Sif Muna
Trog
Uskayaw
Wu Jian
Xom
Zin
The Shining One


Innate Abilities, Weirdness & Mutations

Your experience applies equally to all skills.
You have very sharp teeth.
Your uncanny sense of smell can sniff out nearby items.


Message History

You hit the centaur.
The centaur is lightly wounded.
The centaur hits you.
You sock the centaur!
The centaur is heavily wounded.
The centaur hits you but does no damage. x2
You sock the centaur!
The centaur is almost dead.
The centaur hits you.
* * * LOW HITPOINT WARNING * * *
The centaur barely misses you.
You sock the centaur!
You kill the centaur!
Okawaru accepts your kill.
You hit the shadow imp.
The shadow imp is heavily wounded.
The shadow imp barely misses you. The shadow imp gestures at you.
Pain shoots through your body!
You die...

#######..#
#.#.# ##
#..###.#.#
#.........
##.###.#.#
##.###.#
#......#
#..#####
######..#
###((5@...#
#..(.###.##
#.#(.###.#
#.#...#...
#J......#..
∆
#[#..%#.).##
∆
#.#..###.##
. .... .# #$
##### #


You could see a shadow imp.

Vanquished Creatures
  Grinder (D:5)
  Menkaure (D:4)
  A centaur (D:5)
  A crimson imp (D:4)
  A jelly (D:5)
  2 hounds
  A centaur skeleton (D:4)
  2 orc wizards (D:4)
  An iguana (D:4)
  A worker ant (D:4)
  A hound skeleton (D:4)
  6 adders
  An ooze (D:1)
  3 worms
  A dart slug (D:1)
  2 leopard geckos
  9 orcs
  7 bats
  3 giant cockroaches
  5 goblins
  10 hobgoblins
  6 jackals
  A ball python (D:2)
  4 frilled lizards
  A jackal skeleton (D:4)
  7 kobolds
  7 rats
86 creatures vanquished.

Notes
Turn   | Place    | Note
-------+----------+-------------------------------------------
     0 | D:1      | Hercules1031 the Gnoll Wanderer began the quest for the
                  | Orb.
     0 | D:1      | Hercules1031 set off with the following items: a +2 scale
                  | mail, a +0 spear, a ration; and the following spells
                  | available to memorise: Swiftness, Shroud of Golubria
     0 | D:1      | Reached XP level 1. HP: 17/17 MP: 6/6
    90 | D:1      | Reached XP level 2. HP: 11/23 MP: 7/7
   551 | D:1      | Reached XP level 3. HP: 28/28 MP: 9/9
   626 | D:1      | Reached skill level 5 in Spellcasting
   947 | D:2      | Reached skill level 1 in Invocations
  1089 | D:2      | Reached skill level 1 in Short Blades
  1089 | D:2      | Reached skill level 1 in Long Blades
  1089 | D:2      | Reached skill level 1 in Axes
  1089 | D:2      | Reached skill level 1 in Maces & Flails
  1089 | D:2      | Reached skill level 1 in Polearms
  1089 | D:2      | Reached skill level 1 in Staves
  1089 | D:2      | Reached skill level 1 in Slings
  1089 | D:2      | Reached skill level 1 in Bows
  1089 | D:2      | Reached skill level 1 in Crossbows
  1089 | D:2      | Reached skill level 1 in Dodging
  1089 | D:2      | Reached skill level 1 in Stealth
  1089 | D:2      | Reached skill level 1 in Unarmed Combat
  1089 | D:2      | Reached skill level 1 in Evocations
  1093 | D:2      | Found an ancient bone altar of Kikubaaqudgha.
  1176 | D:2      | Reached XP level 4. HP: 25/34 MP: 11/11
  1417 | D:2      | Reached skill level 1 in Conjurations
  1417 | D:2      | Reached skill level 1 in Hexes
  1417 | D:2      | Reached skill level 1 in Charms
  1417 | D:2      | Reached skill level 1 in Summonings
  1417 | D:2      | Reached skill level 1 in Necromancy
  1417 | D:2      | Reached skill level 1 in Translocations
  1417 | D:2      | Reached skill level 1 in Transmutations
  1417 | D:2      | Reached skill level 1 in Fire Magic
  1417 | D:2      | Reached skill level 1 in Ice Magic
  1417 | D:2      | Reached skill level 1 in Earth Magic
  1417 | D:2      | Reached skill level 1 in Poison Magic
  1903 | D:3      | Reached XP level 5. HP: 12/40 MP: 12/12
  2763 | D:4      | Found a staircase to the Ecumenical Temple.
  2767 | D:4      | Noticed Menkaure
  2778 | D:4      | Killed Menkaure
  2778 | D:4      | Reached XP level 6. HP: 47/47 MP: 14/14
  2810 | Temple   | Entered the Ecumenical Temple
  2920 | Temple   | Became a worshipper of Warmaster Okawaru
  3220 | D:4      | Reached XP level 7. HP: 43/52 MP: 15/15
  3575 | D:5      | Entered Level 5 of the Dungeon
  3575 | D:5      | Noticed Grinder
  3581 | D:5      | Paralysed by Grinder for 6 turns
  3599 | D:5      | Paralysed by Grinder for 7 turns
  3610 | D:5      | Killed Grinder
  3610 | D:5      | Reached * piety under Okawaru
  3610 | D:5      | Reached skill level 9 in Armour
  3717 | D:5      | Killed from afar by a shadow imp

Vault maps used:
D:1:      lightli_arrival_lavapool
D:2:      marbit_many_paths, first_ration
D:4:      minmay_temple_entry_ruins, hex_medium, uniq_menkaure
D:5:      uniq_crazy_yiuf_cottage, uniq_grinder
Temple:   eino_narrow_crystal_temple

Skill      XL: |  1  2  3  4  5  6  7 |
---------------+----------------------+-----
Air Magic      | 2 3 |  3.1
Spellcasting   | 5 |  5.7
Invocations    | 1 2 3 |  3.0
Short Blades   | 1 2 |  2.7
Long Blades    | 1 2 |  2.7
Axes           | 1 2 |  2.7
Maces & Flails | 1 2 |  2.7
Polearms       | 1 2 |  2.7
Staves         | 1 2 |  2.7
Slings         | 1 2 |  2.7
Bows           | 1 2 |  2.7
Crossbows      | 1 2 |  2.7
Dodging        | 1 2 |  2.7
Stealth        | 1 2 |  2.7
Unarmed Combat | 1 2 |  2.7
Evocations     | 1 2 |  2.7
Conjurations   | 1 2 |  2.2
Hexes          | 1 2 |  2.2
Charms         | 1 2 |  2.2
Summonings     | 1 2 |  2.2
Necromancy     | 1 2 |  2.2
Translocations | 1 2 |  2.2
Transmutations | 1 2 |  2.2
Fire Magic     | 1 2 |  2.2
Ice Magic      | 1 2 |  2.2
Earth Magic    | 1 2 |  2.2
Poison Magic   | 1 2 |  2.2
Fighting       | 3 |  3.8
Throwing       | 3 |  3.8
Shields        | 3 |  3.8
Armour         | 9 |  9.0

Action                   |  1- 3 |  4- 6 |  7- 9 || total
-------------------------+-------+-------+-------++-------
Melee: Spear             |   153 |    86 |       ||   239
       Bite              |     8 |    13 |     4 ||    25
       Punch             |     2 |     1 |       ||     3
       Mace              |       |    80 |    68 ||   148
  Use: Scroll            |       |     5 |       ||     5
       Potion            |       |     1 |     4 ||     5
  Eat: Ration            |     1 |     2 |       ||     3
Armor: Scale mail        |    52 |       |       ||    52
       Chain mail        |    40 |    88 |    51 ||   179
       Skin              |       |     3 |    16 ||    19
Dodge: Dodged            |    66 |    57 |    38 ||   161

Table legend:
 A = Non-vault XP
 B = Vault XP
 C = Vault XP percentage of total XP
 D = Non-vault monster count
 E = Vault monster count
 F = Vault count percentage of total count
                 A         B        C        D         E       F
            +---------+---------+-------+---------+---------+-------
      Total |     722 |     476 |  39.7 |      83 |       3 |   3.5
            +---------+---------+-------+---------+---------+-------
        D:1 |      49 |       0 |   0.0 |      24 |       0 |   0.0
        D:2 |      93 |       3 |   3.1 |      16 |       1 |   5.9
        D:3 |      43 |       0 |   0.0 |      14 |       0 |   0.0
        D:4 |     378 |     183 |  32.6 |      24 |       1 |   4.0
        D:5 |     159 |     290 |  64.6 |       5 |       1 |  16.7
            +---------+---------+-------+---------+---------+-------
